Map: Ley Lines

Players

Killa

  • Race: Protoss Protoss
  • League: Master
  • Spawn Location: 1:00

K.I.-2 (Leicht) - Winner!

  • Race: Zerg Zerg
  • Spawn Location: 7:00

VOD

Have the link to the VOD?

Description

Time

  • Played on: May 12, 2025, 1:45 p.m.
  • Length: 8:27
Show
View Real Time Build Order
Export as new Build Order

Killa Protoss 

Build Orders: 1 Gate Expand, Oracle Opening, Zealot Archon, Archon Drop 

Get SALT Encoding   

  12  0:00  Probe  
  13  0:12  Probe  
  14  0:19  Pylon  
  14  0:24  Probe  
  15  0:33  Probe  
  15  0:38  Gateway  
  15  0:41  Probe  
  16  0:47  Assimilator  
  17  0:53  Probe  
  18  1:05  Probe  
  19  1:17  Probe  
  20  1:26  Nexus  
  20  1:37  Cybernetics Core  
  20  1:39  Probe  
  21  1:47  Assimilator  
  21  1:51  Probe  
  22  1:57  Pylon  
  22  2:01  Probe  
  22  2:06  Adept  
  23  2:12  Probe  
  25  2:18  Stargate  
  26  2:25  Probe  
  26  2:27  Warp Gate  
  27  2:36  Probe  
  27  2:37  Adept, Probe  
  31  2:44  Probe  
  31  2:49  Probe  
  33  2:54  Probe  
  34  3:01  Probe, Oracle  
  34  3:03  Gateway  
  35  3:06  Probe  
  39  3:13  Probe  
  39  3:19  Probe  
  41  3:24  Adept  
  41  3:26  Probe  
  44  3:30  Pylon  
  44  3:31  Probe  
  45  3:38  Probe  
  46  3:48  Probe  
  46  3:49  Nexus  
  46  3:51  Probe  
  48  4:00  Probe  
  49  4:03  Probe  
  49  4:04  Oracle  
  53  4:13  Probe  
  53  4:15  Twilight Council  
  53  4:16  Robotics Facility  
  54  4:21  Assimilator  
  54  4:25  Assimilator  
  54  4:26  Pylon  
  54  4:43  Pylon, Probe  
  54  4:44  Probe  
  56  4:51  Templar Archives, Probe  
  56  4:52  Probe  
  56  4:54  Warp Prism  
  56  4:58  Charge  
  56  4:59  Probe  
  58  5:02  Probe  
  62  5:07  Gateway, Probe  
  62  5:08  Gateway  
  63  5:15  Probe x2  
  63  5:19  Probe  
  66  5:26  Gateway  
  66  5:27  Probe  
  66  5:28  Probe  
  68  5:29  Gateway  
  68  5:31  Probe  
  69  5:40  Probe x2  
  69  5:42  High Templar x2  
  75  5:44  Probe  
  75  5:45  Pylon  
  75  5:46  Archon  
  76  5:50  Pylon  
  76  5:52  Probe x2  
  76  5:56  Probe  
  79  5:58  Gateway  
  79  6:00  Gateway  
  79  6:02  Pylon  
  79  6:03  Pylon  
  79  6:04  Pylon, Probe x2  
  80  6:05  High Templar x2  
  80  6:08  Probe  
  80  6:09  Archon  
  86  6:16  Probe x2, Immortal  
  86  6:17  Gateway  
  88  6:19  Gateway  
  88  6:20  Probe  
  88  6:22  Pylon  
  89  6:28  Probe  
  89  6:31  Sentry x2  
  89  6:32  Sentry  
  100  6:35  Assimilator  
  100  6:39  Assimilator  
  100  6:43  Probe  
  100  6:44  Zealot  
  100  6:45  Zealot x2  
  107  6:47  Immortal  
  107  7:00  Pylon  
  111  7:01  Pylon  
  111  7:03  High Templar, Zealot x4  
  111  7:05  High Templar  
  111  7:06  Zealot x2  
  127  7:09  Archon  
  127  7:17  Zealot x2  
  127  7:21  Observer  
  131  7:25  High Templar x2  
  131  7:26  Zealot x3  
  142  7:33  Pylon x2  
  142  7:34  Archon  
  142  7:35  Pylon x2  
  142  7:49  Nexus  
  142  7:50  Pylon  
  142  8:08  Zealot  
  142  8:09  Zealot x7  
  142  8:11  Zealot x2  
Show
View Real Time Build Order
Export as new Build Order

K.I.-2 (Leicht) Zerg - Winner!

Build Orders: Pool First 

Get SALT Encoding   

  12  0:00  Drone  
  13  0:12  Overlord  
  13  0:17  Drone  
  14  0:30  Drone  
  14  0:35  Drone  
  16  0:42  Spawning Pool  
  15  0:44  Drone  
  15  0:48  Extractor  
  15  0:50  Drone  
  16  0:57  Overlord  
  16  1:31  Zergling x2, Queen  
  19  1:33  Roach Warren  
  19  1:35  Extractor, Drone  
  18  1:42  Drone  
  19  1:57  Zergling x2  
  20  2:03  Overlord  
  20  2:23  Roach  
  22  2:31  Drone  
  23  2:37  Drone  
  24  2:47  Overlord  
  24  2:49  Roach  
  26  2:52  Drone  
  26  2:58  Drone  
  28  3:02  Drone  
  29  3:10  Drone  
  30  3:14  Roach  
  32  3:40  Roach  
  34  4:06  Roach  
  36  7:05  Lair, Overlord, Drone  
  37  7:09  Zergling x2  
  37  7:10  Drone  
  37  7:13  Hatchery  
  37  7:14  Drone  
  37  7:19  Drone  
  30  7:28  Zergling x2  
  29  7:48  Roach  
  31  8:02  Overseer  
  31  8:04  Infestation Pit  
  31  8:05  Overseer  
  30  8:07  Roach, Hydralisk Den  
Tags
 
Add a new tag
Caveats
  • Supply blocks, unpowered buildings, or Contaminate may cause inaccurate times.
  • Supply counts are checked every 10 seconds.